 Dungeon Crawl Stone Soup version 0.28-a0-29-g0adfcbbeba (webtiles) character file.

Game seed: 7623401229794053068

76 Lekart the Skirmisher (level 4, -11/32 (41) HPs)
             Began as a Draconian Chaos Knight on July 27, 2021.
             Was a Plaything of Xom.
             Killed by drain life
             ... invoked by a soul eater
             ... summoned by Xom
              (15 damage)
             ... on level 2 of the Dungeon.
             The game lasted 00:01:58 (2371 turns).

Lekart the Skirmisher (Draconian Chaos Knight)      Turns: 2371, Time: 00:01:59

HP:   -11/32 (41)   AC:  5    Str: 15      XL:     4   Next: 12%
MP:   4/4           EV: 12    Int: 11 (12) God:    Xom [......]
Gold: 185           SH:  0    Dex: 11      Spells: 3/3 levels left

rFire   . . .      SeeInvis .   a - +0 falchion (chaos)
rCold   . . .      Faith    .   (no shield)
rNeg    . . .      Spirit   .   (armour unavailable)
rPois   .          Reflect  .   (helmet restricted)
rElec   .          Harm     .   (no cloak)
rCorr   .          Rampage  .   (no gloves)
Will    .....                   (no boots)
Stlth   +.........              (no amulet)
HPRegen 0.10/turn               (no ring)
MPRegen 0.09/turn               (no ring)

@: heavily drained
A: AC +5, unfitting armour, cold-blooded
a: Renounce Religion


You were on level 2 of the Dungeon.
You worshipped Xom.
You were a very special plaything of Xom.
You visited 1 branch of the dungeon, and saw 2 of its levels.

You collected 185 gold pieces.

Inventory:

Hand Weapons
 a - a +0 falchion of chaos (weapon)
Jewellery
 e - a ring of poison resistance
Scrolls
 d - a scroll of holy word {unknown}
 f - a scroll of identify {unknown}
 g - a scroll of vulnerability {unknown}
Potions
 b - 2 potions of berserk rage {unknown}
 c - 4 potions of heal wounds {unknown}
 h - a potion of curing {unknown}
 i - a potion of flight {unknown}


   Skills:
 * Level 4.4 Fighting
 + Level 3.7 Long Blades
 + Level 2.7 Dodging


You had 3 spell levels left.
You didn't know any spells.
Your spell library was empty.

Dungeon Overview and Level Annotations

Branches:
Dungeon (2/15)

Altars:


Innate Abilities, Weirdness & Mutations

Your plain brown scales are hard. (AC +5)
You cannot fit into any form of body armour.
You are cold-blooded and may be slowed by cold attacks.


Message History

There is a stone staircase leading up here.
You see here 11 stones.
Found a stone staircase leading down.
No target in view!
Found a trident.
No target in view!
You now have 157 gold pieces (gained 18).
You now have 170 gold pieces (gained 13).
You now have 185 gold pieces (gained 15).
You open the door.
There is an open door here.
You open the door.
There is an open door here.
You hear Xom's maniacal laughter.
You hit the iron imp.
The iron imp is lightly wounded.
The white imp gestures at you. The puff of frost hits you!
The iron imp laughs crazily.
The iron imp closely misses you.
There are monsters nearby!
You hit the iron imp but do no damage.
The iron imp is lightly wounded.
The white imp hits you but does no damage.
The soul eater hits you!!
Ouch! That really hurt!
* * * LOW HITPOINT WARNING * * *
Xom is amused.
You feel drained.
* * * LOW HITPOINT WARNING * * *
There are monsters nearby!
You are too injured to fight recklessly!
You are too injured to fight recklessly!
The white imp barely misses you.
You riposte.
You hit the white imp.
The white imp flickers and vanishes!
Deactivating autopickup; reactivate with Ctrl-A.
Xom thinks this is hilarious!
The soul eater draws from the surrounding life force!
You die...
Xom chortles!

#..# ##.## ##.......##
##.## ###.## ##)....##
# #..# #....# ##...##
# ##.# #.#..# ##'## #
#.# #....# ######.####
# #.# #..3{#
#.........# # #.#
##..#.###.####.##.####
#.#
#....5.##.###........#
#.#
#...#@.##.##......##.#
#.#
#......##.###...#.##.#
###.#
#.#...................
....#
#.####.##.###..##.##.#
##### #.#
#.##............#
#.####.#######.#######
#......#######.##
#########..)....# ###
#.####..#


You could see a soul eater (summoned) and an iron imp (summoned).

Vanquished Creatures
  2 adders (D:2)
  A worm (D:2)
  2 ball pythons (D:1)
  6 endoplasms
  A goblin (D:2)
  8 hobgoblins
  5 jackals (D:1)
  8 kobolds
  2 quokkas (D:1)
  5 bats (D:1)
  3 frilled lizards
  11 rats
54 creatures vanquished.

Vanquished Creatures (others)
  7 plants (D:2)
7 creatures vanquished.

Grand Total: 61 creatures vanquished

Notes
Turn   | Place    | Note
-------+----------+-------------------------------------------
     0 | D:1      | Lekart the Draconian Chaos Knight began the quest for the
                  | Orb.
     0 | D:1      | Reached XP level 1. HP: 19/19 MP: 1/1
   189 | D:1      | XOM: silly message
   271 | D:1      | Reached XP level 2. HP: 26/27 MP: 2/2
   398 | D:1      | XOM: cloud trail
   615 | D:1      | Reached skill level 4 in Fighting
   677 | D:1      | Reached XP level 3. HP: 33/33 MP: 3/3
   767 | D:1      | Found a faded altar of an unknown god.
   845 | D:1      | XOM: torment (18/33 hp)
  1966 | D:2      | XOM: stat loss: -1 Int (11/12)
  2002 | D:2      | Reached XP level 4. HP: 28/41 MP: 4/4
  2112 | D:2      | XOM: god gift: 36 gold pieces
  2176 | D:2      | XOM: draining
  2366 | D:2      | XOM: summons 3 hostile demons
  2367 | D:2      | Noticed a soul eater
  2371 | D:2      | Killed from afar by a soul eater

Illustrated notes

Levels and vault maps discovered:
D:1:      giann_horns, layout_loops_ring, shapermc_ecumenical_altar_mp_vishouse,
          dk_noncrumbling_2
D:2:      layout_loops_corners, lexackson_kobold_supper

Skill      XL: |  1  2 |
---------------+-------+-----
Fighting       | 4 |  4.4
Long Blades    | |  3.7
Dodging        | |  2.7

Action                   |  1- 3 |  4- 6 || total
-------------------------+-------+-------++-------
Melee: Falchion          |   116 |     3 ||   119
       Tailslap          |    10 |     1 ||    11
 Stab: Paralysed         |     1 |       ||     1
Armor: Skin              |    54 |     1 ||    55
Dodge: Dodged            |    90 |     3 ||    93
       Rpst.: Falchion   |    27 |     1 ||    28

Table legend: (Time is in decaauts)
 A = Elapsed time spent in this place.
 B = Non-inter-level travel time spent in this place.
 C = Inter-level travel time spent in this place.
 D = Time resting spent in this place.
 E = Time spent auto-exploring this place.
 F = Levels seen in this place.
 G = Mean time per level.
                   A        B        C        D        E       F      G
               +--------+--------+--------+--------+--------+-----+--------+
         Total |   2393 |   2346 |     47 |    276 |   1787 |   2 | 1196.5 |
       Dungeon |   2393 |   2346 |     47 |    276 |   1787 |   2 | 1196.5 |
               +--------+--------+--------+--------+--------+-----+--------+

Top non-repeatable levels by time:
     D:1: 1244 daAuts
     D:2: 1149 daAuts
